 Dungeon Crawl Stone Soup version 0.27-a0-1557-g57f10a385c (webtiles) character file.

Game seed: 7440098791396331145

19370 monkeymoney the Blocker (level 12, -6/111 HPs)
             Began as a Minotaur Fighter on July 15, 2021.
             Was the Champion of Okawaru.
             Killed from afar by a raiju (25 damage)
             ... with a living lightning
             ... on level 2 of the Abyss.
             The game lasted 00:19:45 (11946 turns).

monkeymoney the Blocker (Minotaur Fighter)         Turns: 11946, Time: 00:19:46

Health: -6/111     AC: 25    Str: 25    XL:     12   Next: 35%
Magic:  14/14      EV:  9    Int:  5    God:    Okawaru [******]
Gold:   863        SH: 19    Dex: 11    Spells: 11/11 levels left

rFire    . . .     SeeInvis .   r - +1 scimitar (freeze)
rCold    + . .     Faith    .   G - +0 tower shield
rNeg     . . .     Spirit   .   n - +1 chain mail
rPois    .         Reflect  .   (helmet restricted)
rElec    .         Harm     .   j - +1 cloak
rCorr    .         Rampage  .   F - +2 pair of gloves {archery}
Will     +....                  (no boots)
Stlth    ..........             b - amulet of regeneration
HPRegen  1.28/turn              A - +4 ring of protection
MPRegen  0.14/turn              d - ring of willpower

@: no status effects
A: horns 2, retaliatory headbutt, iridescent scales 1, cold resistance 1, sturdy
frame 1
a: Renounce Religion, Heroism, Finesse


You were on level 2 of the Abyss.
You worshipped Okawaru.
Okawaru was exalted by your worship.
You visited 3 branches of the dungeon, and saw 14 of its levels.
You visited the Abyss 1 time.

You collected 863 gold pieces.

Inventory:

Hand Weapons
 a - a +0 long sword of draining
 r - a +1 scimitar of freezing (weapon)
 K - a +1 broad axe of flaming
Missiles
 l - 11 boomerangs (quivered)
 v - 3 throwing nets
 C - a curare-tipped dart
Armour
 j - a +1 cloak (worn)
 n - a +1 chain mail (worn)
 u - +0 acid dragon scales
 F - a +2 pair of gloves of archery (worn)
 G - a +0 tower shield (worn)
Jewellery
 b - an amulet of regeneration (around neck)
 d - a ring of willpower (right hand)
 i - a +4 ring of evasion
 m - a ring of magical power
 A - a +4 ring of protection (left hand)
 B - a +4 ring of protection
 H - a ring of flight
Wands
 c - a wand of polymorph (7)
 h - a wand of flame (70)
 q - a wand of acid (23)
 x - a wand of iceblast (18)
Scrolls
 p - 2 scrolls of magic mapping
 s - a scroll of teleportation
 y - a scroll of fear
 D - a scroll of blinking
 E - 6 scrolls of identify
 J - a scroll of amnesia
Potions
 e - 4 potions of brilliance
 f - 2 potions of attraction
 g - 2 potions of ambrosia
 k - 3 potions of flight
 o - 3 potions of mutation
 t - a potion of curing
 z - a potion of magic
 I - 3 potions of haste


   Skills:
 * Level 11.7 Fighting
 * Level 11.4 Long Blades
 * Level 11.7 Armour
 + Level 7.1 Dodging
 * Level 11.7 Shields
 + Level 5.1 Invocations


You had 11 spell levels left.
You didn't know any spells.
Your spell library contained the following spells:

 Spells                   Type           Power      Damage    Failure   Level
 Animate Skeleton         Necr           0%         N/A       100%        1
 Shock                    Conj/Air       0%         1d3       100%        1
 Swiftness                Air            0%         N/A       100%        3
 Tukima's Dance           Hex            0%         N/A       100%        3
 Airstrike                Air            0%         N/A       100%        4
 Passage of Golubria      Tloc           N/A        N/A       100%        4
 Petrify                  Tmut/Erth      0%         N/A       100%        4
 Metabolic Englaciation   Hex/Ice        0%         N/A       100%        5
 Yara's Violent Unravell  Hex/Tmut       0%         3d3       100%        5
 Statue Form              Tmut/Erth      0%         N/A       100%        6


Dungeon Overview and Level Annotations

Branches:
Dungeon (10/15)            Temple (1/1) D:7            Lair (3/6) D:9
  Swamp (0/4) Lair:2        Snake (0/4) Lair:3          Orc (0/2) D:10

Altars:
Ashenzari
Cheibriados
Dithmenos
Elyvilon
Fedhas
Kikubaaqudgha
Nemelex Xobeh
Okawaru
Qazlal
Sif Muna
Uskayaw
Vehumet
Xom
Yredelemnul
Zin
The Shining One

Shops:
D:8 *   D:10 [(

Annotations:
Lair:3 Sonja


Innate Abilities, Weirdness & Mutations

You have a pair of horns on your head.
You reflexively headbutt those who attack you in melee.
You are partially covered in iridescent scales. (AC +2)
Your flesh is cold resistant. (rC+)
Your movements are slightly less encumbered by armour. (ER -2)


Message History

You closely miss the raiju.
The raiju is moderately wounded.
You block the raiju's attack.
You barely miss the raiju. You headbutt the raiju.
The raiju is moderately wounded.
The raiju bursts into living lightning!
The living lightning hits you but does no damage.
The raiju blinks!
The raiju bursts into living lightning!
The living lightning hits you!
The raiju blinks!
You block the raiju's attack.
There is an open door here.
You barely miss the raiju.
The raiju is moderately wounded.
You block the raiju's attack.
You slash the raiju! You freeze the raiju.
The raiju is severely wounded.
You block the raiju's attack.
You hit the raiju. You freeze the raiju.
The raiju is almost dead.
Unknown command.
The raiju bursts into living lightning!
The living lightning hits you.
The raiju blinks!
You block the raiju's attack.
There is an open door here.
The raiju bursts into living lightning!
The living lightning hits you!
The raiju blinks! x2
You barely miss the raiju.
The raiju is severely wounded.
You block the raiju's attack.
The raiju bursts into living lightning!
The living lightning hits the raiju.
The raiju completely resists.
The living lightning hits you!!
* * * LOW HITPOINT WARNING * * *
The raiju blinks!
You closely miss the raiju.
The raiju is heavily wounded.
You block the raiju's attack.
The raiju bursts into living lightning!
The living lightning hits you!!
You die...

. ...... .
........#....####
. ..............
................ #
........... ... .
........... .. . .
###....... . .. .
#.......#########
#.#§....§h@....h..
###......#........
#......#........
#......#########
#....... ....... .
#.......... #
.......... .. .. .
..


You could see 2 raiju.

Vanquished Creatures
  A hydra (Lair:1)
  Harold (D:7)
  A catoblepas (Lair:2)
  A two-headed ogre (D:10)
  Nergalle (D:10)
  A fire crab (Lair:2)
  An oklob plant (D:10)
  2 slime creatures (D:8)
  4 black mambas
  3 cane toads
  Maggie (D:6)
  2 rime drakes
  6 komodo dragons
  A troll (D:9)
  A hornet (D:10)
  A raiju (Abyss:2)
  3 blink frogs (Lair:2)
  A shadow (D:9)
  9 yaks
  A wraith (D:9)
  A wyvern (D:9)
  2 basilisks (Lair:2)
  A small abomination (Abyss:2)
  2 swamp worms (Lair:2)
  9 water moccasins
  An ice beast (D:5)
  5 orc warriors
  3 ogres
  2 black bears
  4 wolves
  9 necrophages
  7 centaurs
  5 kobold brigands
  5 bullfrogs
  6 scorpions
  2 wights (D:10)
  An electric eel (Lair:2)
  3 howler monkeys
  2 bullfrog zombies (D:5)
  3 centaur zombies
  A hound (D:5)
  4 orc priests
  A centaur skeleton (D:7)
  2 gnoll shamans
  Jessica (D:2)
  2 iguanas
  17 orc wizards
  3 hell rats (Lair:2)
  3 mummies (D:10)
  8 gnolls
  A howler monkey skeleton (D:5)
  4 adders
  6 river rats (Lair:2)
  3 shadow imps
  A white imp (D:7)
  2 ufetubi
  An adder skeleton (D:4)
  A dart slug (D:2)
  39 orcs
  3 bats
  4 endoplasms (D:2)
  4 goblins
  5 hobgoblins
  9 jackals
  2 quokkas
  5 ball pythons
  4 frilled lizards
  26 kobolds
  A quokka skeleton (D:4)
  11 rats
  A bush (D:10)
290 creatures vanquished.

Vanquished Creatures (others)
  5 fungi
  5 plants (Lair:3)
10 creatures vanquished.

Grand Total: 300 creatures vanquished

Notes
Turn   | Place    | Note
-------+----------+-------------------------------------------
     0 | D:1      | monkeymoney the Minotaur Fighter began the quest for the
                  | Orb.
     0 | D:1      | Reached XP level 1. HP: 19/19 MP: 0/0
   651 | D:2      | Reached XP level 2. HP: 27/27 MP: 1/1
   722 | D:2      | Found a faded altar of an unknown god.
   736 | D:2      | Got Plato's Almanac of Evil Arts
   801 | D:2      | Reached XP level 3. HP: 24/33 MP: 2/2
  1300 | D:2      | Noticed Jessica
  1304 | D:2      | Killed Jessica
  1305 | D:2      | Reached skill level 1 in Dodging
  1305 | D:2      | Reached XP level 4. HP: 36/40 MP: 3/3
  2223 | D:4      | Noticed a scorpion
  2235 | D:4      | Killed a scorpion
  2236 | D:4      | Reached XP level 5. HP: 21/47 MP: 4/4
  2238 | D:4      | Noticed a necrophage
  2244 | D:4      | Killed a necrophage
  2245 | D:4      | Reached skill level 5 in Shields
  2512 | D:4      | Reached skill level 5 in Fighting
  2512 | D:4      | Reached skill level 5 in Armour
  2512 | D:4      | Reached XP level 6. HP: 52/56 MP: 5/5
  2833 | D:4      | Reached XP level 7. HP: 61/61 MP: 6/6
  2877 | D:4      | Reached skill level 5 in Long Blades
  3131 | D:5      | Entered Level 5 of the Dungeon
  3382 | D:5      | Reached XP level 8. HP: 53/71 MP: 7/7
  4155 | D:6      | Noticed Maggie
  4469 | D:6      | Killed Maggie
  4470 | D:6      | Reached XP level 9. HP: 47/79 MP: 8/8
  5331 | D:7      | Found a staircase to the Ecumenical Temple.
  5373 | Temple   | Entered the Ecumenical Temple
  5395 | Temple   | Became a worshipper of Warmaster Okawaru
  5653 | D:7      | Noticed Harold
  5669 | D:7      | Killed Harold
  5669 | D:7      | Reached * piety under Okawaru
  5670 | D:7      | Reached skill level 1 in Invocations
  6822 | D:8      | Found Pael's Island Escapes.
  6860 | D:8      | Reached ** piety under Okawaru
  7075 | D:8      | Killed a large slime creature
  7076 | D:8      | Reached skill level 5 in Dodging
  7076 | D:8      | Reached XP level 10. HP: 54/90 MP: 10/10
  7681 | D:9      | Found a staircase to the Lair.
  8092 | D:9      | Reached *** piety under Okawaru
  8731 | D:9      | Upgraded the game from 0.27-a0-1555-g0e7b3fb1d2 to
                  | 0.27-a0-1557-g57f10a385c
  8750 | D:10     | Entered Level 10 of the Dungeon
  8893 | D:10     | Identified a scroll of acquirement
  8893 | D:10     | Acquired a +2 pair of gloves of archery
  8947 | D:10     | Found Qashredgh's Armour Boutique.
  8949 | D:10     | Found a staircase to the Orcish Mines.
  8955 | D:10     | Found Caut's Weapon Boutique.
  8959 | D:10     | Reached **** piety under Okawaru
  9052 | D:10     | Reached skill level 10 in Shields
  9087 | D:10     | Noticed a two-headed ogre
  9096 | D:10     | Killed a two-headed ogre
  9097 | D:10     | Reached skill level 10 in Fighting
  9097 | D:10     | Reached skill level 10 in Armour
  9123 | D:10     | Reached XP level 11. HP: 99/99 MP: 12/12
  9489 | D:10     | Found a blossoming altar of Fedhas.
  9509 | D:10     | Noticed an oklob plant
  9562 | D:10     | Killed an oklob plant
  9727 | D:10     | Noticed Nergalle
  9744 | D:10     | Killed Nergalle
  9745 | D:10     | Reached skill level 10 in Long Blades
 10000 | Lair:1   | Entered Level 1 of the Lair of Beasts
 10039 | Lair:1   | Reached ***** piety under Okawaru
 10054 | Lair:1   | Noticed an eight-headed hydra
 10072 | Lair:1   | Killed a 13-headed hydra
 11042 | Lair:2   | Noticed a catoblepas
 11061 | Lair:2   | Killed a catoblepas
 11279 | Lair:2   | Found a staircase to the Swamp.
 11639 | Lair:2   | Gained mutation: Your movements are slightly less
                  | encumbered by armour. (ER -2) [potion of mutation]
 11639 | Lair:2   | Gained mutation: You are partially covered in iridescent
                  | scales. (AC +2) [potion of mutation]
 11639 | Lair:2   | Gained mutation: Your flesh is cold resistant. (rC+)
                  | [potion of mutation]
 11683 | Lair:3   | Noticed a fire crab
 11696 | Lair:2   | Killed a fire crab
 11696 | Lair:2   | Received a gift from Okawaru
 11697 | Lair:2   | Reached XP level 12. HP: 101/110 MP: 11/14
 11776 | Lair:3   | Reached skill level 5 in Invocations
 11822 | Lair:3   | Found a staircase to the Snake Pit.
 11849 | Lair:3   | Noticed Sonja
 11850 | Lair:3   | Reached ****** piety under Okawaru
 11865 | Lair:3   | Cast into level 2 of the Abyss (Sonja)
 11946 | Abyss:2  | Killed from afar by a raiju

Illustrated notes

Levels and vault maps discovered:
D:1:      minmay_arrival_five_plusses, layout_basic
D:2:      layout_loops_corners, shapermc_ecumenical_altar_rom_forum,
          kennysheep_generic_room_2, uniq_jessica
D:3:      layout_basic
D:4:      layout_gridville
D:5:      layout_basic
D:6:      layout_layer_cave, minmay_misc_feat_room, uniq_maggie
D:7:      layout_loops_cross, minmay_temple_entry_slanted, uniq_harold
D:8:      layout_basic, nicolae_island_escapes
D:9:      layout_irregular_city, lair_entry_dummy
D:10:     minmay_flawed_box, layout_long_grid, tgw_fedhas, orc_david_3,
          serial_undead, serial_undead_a, serial_undead_a, serial_undead_b,
          serial_undead_a, amcnicky_mini_pool_small, nrook_mini_vaults,
          uniq_nergalle
Temple:   compressed_dpeg_circular_temple
Lair:1:   layout_hall_layers
Lair:2:   layout_gridlike, nicolae_swamp_entry_splash_gauntlet,
          kennysheep_abandoned_house
Lair:3:   layout_loops_ring, minmay_snake_entry_six_corridors,
          minmay_lair_oklob_chamber, infiniplex_staircase_pool, uniq_sonja
Abyss:2:  base:
D:9

Skill      XL: |  1  2  3  4  5  6  7  8  9 10 11 12 |
---------------+-------------------------------------+-----
Shields        | 4 5 6 7 9 10 11 | 11.7
Fighting       | 4 5 6 7 8 10 11 | 11.7
Armour         | 4 5 6 7 9 10 11 | 11.7
Long Blades    | 3 4 5 7 8 9 11 | 11.4
Dodging        | 1 2 3 4 5 6 7 |  7.1
Invocations    | 2 3 4 5 |  5.1

Action                   |  1- 3 |  4- 6 |  7- 9 | 10-12 || total
-------------------------+-------+-------+-------+-------++-------
Melee: Long sword        |    59 |    85 |   282 |    26 ||   452
       Headbutt          |     8 |    22 |    69 |   116 ||   215
       Scimitar          |       |       |       |   482 ||   482
Throw: Boomerang         |       |       |     1 |     9 ||    10
Invok: Heroism           |       |       |       |     4 ||     4
Evoke: Wand              |       |       |       |     1 ||     1
  Use: Scroll            |     5 |     1 |    11 |     6 ||    23
       Potion            |       |     2 |     3 |     5 ||    10
Armor: Scale mail        |    20 |     1 |       |       ||    21
       Chain mail        |       |    44 |   131 |   398 ||   573
       Acid dragon scale |       |       |       |     4 ||     4
Dodge: Dodged            |    28 |    56 |   149 |   190 ||   423
Block: Kite shield       |    29 |    58 |   208 |   159 ||   454
       Tower shield      |       |       |       |   399 ||   399
       Rpst.: Long sword |    10 |    14 |    36 |     2 ||    62
       Scimitar          |       |       |       |    42 ||    42

Table legend: (Time is in decaauts)
 A = Elapsed time spent in this place.
 B = Non-inter-level travel time spent in this place.
 C = Inter-level travel time spent in this place.
 D = Time resting spent in this place.
 E = Time spent auto-exploring this place.
 F = Levels seen in this place.
 G = Mean time per level.
                   A        B        C        D        E       F      G
               +--------+--------+--------+--------+--------+-----+--------+
         Total |  12115 |  11715 |    400 |   1381 |   7760 |  15 |  807.7 |
       Dungeon |  10093 |   9770 |    323 |   1109 |   6649 |  10 | 1009.3 |
        Temple |     33 |     33 |      0 |      0 |      0 |   1 |   33.0 |
          Lair |   1901 |   1824 |     77 |    258 |   1093 |   3 |  633.7 |
         Abyss |     87 |     87 |      0 |     14 |     18 |   1 |   87.0 |
               +--------+--------+--------+--------+--------+-----+--------+

Top non-repeatable levels by time:
     D:8: 1539 daAuts
    D:10: 1277 daAuts
     D:2: 1155 daAuts
     D:6: 1144 daAuts
     D:9: 1087 daAuts
  Lair:2: 1032 daAuts
     D:5: 996 daAuts
     D:4: 953 daAuts
     D:7: 846 daAuts
  Lair:1: 731 daAuts
     D:1: 583 daAuts
     D:3: 510 daAuts
  Lair:3: 136 daAuts
 Abyss:2: 87 daAuts
  Temple: 33 daAuts
